 Dungeon Crawl Stone Soup version 0.21.0-24-g2553a33 (webtiles) character file.

181151 DogShitOnMyToe the Unseen (level 17, -4/117 HPs)
             Began as a Vampire Ice Elementalist on Jan 20, 2018.
             Was the Champion of Dithmenos.
             Slain by a spark wasp (14 damage)
             ... on level 3 of the Spider Nest.
             The game lasted 03:07:48 (48329 turns).

DogShitOnMyToe the Unseen (VpIE)                   Turns: 48329, Time: 03:07:49

Health: -4/117     AC: 11    Str: 12    XL:     17   Next: 66%
Magic:  15/24      EV: 26    Int: 27    God:    Dithmenos [******]
Gold:   1913       SH:  9    Dex: 25    Spells: 3/26 levels left

rFire    + . .     SeeInvis +   a - +8 dagger (pain)
rCold    + + +     Gourm    .   A - +0 buckler {AC+3}
rNeg     + + +     Faith    .   l - +1 robe of the Armoured One {rF+ Str+5}
rPois    ∞         Spirit   .   m - +2 helmet {SInv}
rElec    .         Reflect  +   L - scarf {rC+ rF+}
rCorr    .         Harm     .   I - +0 pair of fencer's gloves {+Riposte Dex+3}
MR       +++..                  x - +0 pair of boots "Veggut" {rF- rN+++ MR++ Stlth+}
Stlth    ++++++++++             C - +3 amulet of reflection
HPRegen  0.00/turn              E - ring "Naleis" {rC+ Int+7 Dex+3 Stlth-}
MPRegen  0.19/turn              c - ring of stealth

@: bloodless, non-regenerating, wreathed by umbra, studying Poison Magic
A: fangs 3, see invisible, unbreathing
a: Bat Form, Shadow Step, Shadow Form, Renounce Religion


You were on level 3 of the Spider Nest.
You worshipped Dithmenos.
Dithmenos was exalted by your worship.
You were bloodless.

You visited 7 branches of the dungeon, and saw 31 of its levels.
You visited 1 bazaar.
You also visited: Labyrinth.

You collected 4155 gold pieces.
You spent 2242 gold pieces at shops.

Inventory:

Hand Weapons
 a - a +8 dagger of pain (weapon)
 b - a +0 blowgun
Missiles
 k - 66 poisoned needles
 B - 3 needles of sleeping
 H - 5 curare-tipped needles
Armour
 l - the +1 robe of the Armoured One (worn) {rF+ Str+5}
   (You found it on level 10 of the Dungeon)

   It affects your strength (+5).
   It protects you from fire.
 m - a +2 helmet of see invisible (worn)
 x - the +0 pair of boots "Veggut" (worn) {rF- rN+++ MR++ Stlth+}
   (You found it on level 2 of the Orcish Mines)

   It makes you vulnerable to fire.
   It renders you almost immune to negative energy.
   It affects your resistance to hostile enchantments.
   It makes you more stealthy.
 A - a +0 buckler of protection (worn)
 I - the +0 pair of fencer's gloves (worn) {+Riposte Dex+3}
   (You acquired it on level 12 of the Dungeon)

   It affects your dexterity (+3).
 L - a scarf of resistance (worn)
Jewellery
 c - a ring of stealth (right hand)
 C - a +3 amulet of reflection (around neck)
 E - the ring "Naleis" (left hand) {rC+ Int+7 Dex+3 Stlth-}
   (You bought it in a shop in a bazaar)

   [ring of dexterity]

   It affects your intelligence (+7).
   It affects your dexterity (+3).
   It protects you from cold.
   It makes you less stealthy.
Wands
 g - a wand of digging (22)
 D - a wand of paralysis (25)
Scrolls
 j - 5 scrolls of fear
 q - 7 scrolls of teleportation
 r - a scroll of identify
 v - a scroll of fog
 w - 8 scrolls of enchant armour
 y - 11 scrolls of remove curse
 F - 2 scrolls of amnesia
 G - 2 scrolls of magic mapping
 K - a scroll of brand weapon
 N - 6 scrolls of vulnerability
Potions
 d - 4 potions of magic
 e - 10 potions of curing
 f - 6 potions of resistance
 h - 6 potions of flight
 i - 2 potions of ambrosia
 n - 4 potions of brilliance
 o - 3 potions of heal wounds
 p - 2 potions of blood
 s - 6 potions of agility
 t - a potion of cancellation
 u - 5 potions of haste
 z - 5 potions of might
 M - a potion of mutation {unknown}
 O - 2 potions of invisibility {unknown}
Books
 Q - a book of Enchantments

   Spells                             Type                      Level
   a - Cause Fear                     Hexes                        4
   b - Yara's Violent Unravelling     Hexes/Transmutation          5
   c - Silence                        Hexes/Air                    5
   d - Deflect Missiles               Charms/Air                   6
   e - Discord                        Hexes                        8
 R - a book of Maledictions

   Spells                             Type                      Level
   a - Corona                         Hexes                        1
   b - Ensorcelled Hibernation        Hexes/Ice                    2
   c - Confuse                        Hexes                        3
   d - Tukima's Dance                 Hexes                        3
   e - Dazzling Spray                 Conjuration/Hexes            3
 S - a book of Burglary

   Spells                             Type                      Level
   a - Swiftness                      Charms/Air                   2
   b - Passwall                       Transmutation/Earth          2
   c - Passage of Golubria            Translocation                4
   d - Lee's Rapid Deconstruction     Earth                        5
   e - Darkness                       Hexes                        6
   f - Invisibility                   Hexes                        6
 U - a book of Summonings

   Spells                             Type                      Level
   a - Recall                         Summoning/Translocation      3
   b - Aura of Abjuration             Summoning                    5
   c - Summon Demon                   Summoning                    5
   d - Summon Forest                  Summoning/Translocation      5
   e - Summon Mana Viper              Hexes/Summoning              5
   f - Shadow Creatures               Summoning                    6
 V - a manual of Poison Magic
 X - a Grand Grimoire

   Spells                             Type                      Level
   a - Monstrous Menagerie            Summoning                    7
   b - Summon Greater Demon           Summoning                    7
   c - Malign Gateway                 Summoning/Translocation      7
   d - Summon Horrible Things         Summoning                    8
 Z - a book of Spatial Translocations

   Spells                             Type                      Level
   a - Blink                          Translocation                2
   b - Shroud of Golubria             Charms/Translocation         2
   c - Lesser Beckoning               Translocation                3
   d - Gell's Gravitas                Translocation                3
   e - Teleport Other                 Translocation                3
   f - Passage of Golubria            Translocation                4


   Skills:
 - Level 5.8 Fighting
 - Level 10.0 Short Blades
 - Level 13.3 Dodging
 - Level 19.0 Stealth
 - Level 4.1 Shields
 - Level 5.1 Spellcasting
   Level 0.6 Conjurations
 + Level 15.2 Hexes
 - Level 9.9 Summonings
 - Level 18.9 Necromancy
   Level 3.0 Ice Magic
 - Level 6.2 Earth Magic


You had 3 spell levels left.
You knew the following spells:

 Your Spells              Type           Power        Failure   Level  Hunger
a - Summon Mana Viper     Hex/Summ       ######..     1%          5    #####..
b - Death Channel         Necr           #######...   1%          6    ######.
c - Darkness              Hex            ######....   1%          6    ######.
d - Apportation           Tloc           #.....       7%          1    None
g - Borgnjor's Vile Clut  Necr/Erth      ######....   1%          5    #####..


Dungeon Overview and Level Annotations

Branches:
Dungeon (15/15)            Temple (1/1) D:4            Lair (6/6) D:11
  Swamp (1/4) Lair:2       Spider (3/4) Lair:4        Slime (0/5) Lair:5
    Orc (2/2) D:10            Elf (3/3) Orc:2        Vaults (0/5) D:14
 Depths (0/5) D:15

Altars:
Ashenzari
Cheibriados
Dithmenos
Elyvilon
Fedhas
Gozag
Hepliaklqana
Kikubaaqudgha
Makhleb
Nemelex Xobeh
Okawaru
Qazlal
Ru
Sif Muna
Trog
Uskayaw
Vehumet
Wu Jian
Xom
Yredelemnul
Zin
The Shining One
Beogh

Shops:
D:11 %   D:13 [   Orc:2 [*(!   Elf:1 [}*

Annotations:
D:2 exclusion: 2 upstairs, Terence
D:3 exclusion: downstairs
D:4 exclusion: 2 downstairs
D:5 exclusions: door and downstairs
D:6 exclusion: downstairs
D:9 exclusion: downstairs
D:11 exclusion: downstairs
D:12 newst's ghost, journeyman HOFi
Lair:6 exclusion: 5 doors


Innate Abilities, Weirdness & Mutations

You do not heal naturally.
You are immune to poison.
You have razor-sharp teeth.
You have supernaturally acute eyesight. (SInv)
You can survive without breathing.


Message History

The zombie hands constrict the torpor snail!!
The zombie hands constrict the spark wasp!
The spark wasp struggles to escape constriction.
The spark wasp escapes!
The torpor snail closely misses you.
Found 5 gold pieces.
The zombie hands constrict the torpor snail!
You kill the torpor snail!
Dithmenos accepts your kill.
The spark wasp evades a web.
You block the spark wasp's attack. The spark wasp completely misses you.
There is a stone staircase leading up here.
Aim: a spark wasp (heavily wounded, umbra) Decaying hands burst forth from the earth!
Zombie hands grab the spark wasp.
You feel yourself speed up.
The zombie hands constrict the spark wasp!
The spark wasp completely misses you. The spark wasp stings you!
* * * LOW HITPOINT WARNING * * *
The spark wasp shocks you!
You die...

############
...........##
....#.......#
...........#
#.......@^.#
.#.#.†.y###
..#......#
.........##
$.^......#
.........#
...###^.##
..# #### ..


You could see a spark wasp.

Vanquished Creatures
  Jorgrun (Elf:2)
  Rupert (Spider:1)
  A deep elf blademaster (Elf:3)
  Gastronok (Lair:1)
  An orc warlord (Orc:2)
  4 deep elf sorcerers (Elf:3)
  2 emperor scorpions
  5 deep elf elementalists
  2 deep elf demonologists (Elf:3)
  8 deep elf annihilators (Elf:3)
  A deep elf death mage (Elf:3)
  A fire dragon (D:15)
  A minotaur (Lab)
  A deep elf high priest (Elf:3)
  An ice dragon (D:15)
  9 hydras
  A death knight (D:14)
  Erica (D:11)
  A two-headed ogre (shapeshifter) (Elf:3)
  3 catoblepae
  24 dancing weapons
  10 two-headed ogres
  5 orc high priests
  An ogre mage (D:15)
  A tengu warrior (D:14)
  18 deep elf knights
  A fire crab (shapeshifter) (D:14)
  A fire crab (Lair:2)
  A shadow wraith (D:14)
  An iron troll (D:14)
  6 deep elf archers
  An unseen horror (D:15)
  A wizard (Lair:6)
  4 orc knights (Orc:2)
  52 deep elf magi
  The ghost of porpoise the Spear-Bearer, a novice DsGl (D:5)
  11 wolf spiders
  10 ugly things
  6 orb spiders
  3 orc sorcerers
  A manticore (D:10)
  5 elephants
  2 centaur zombies (D:15)
  5 black mambas
  Joseph (Lair:1)
  2 torpor snails
  A guardian serpent (Elf:1)
  A spiny frog (shapeshifter) (Elf:2)
  A gargoyle (D:14)
  5 rime drakes
  13 spiny frogs
  4 demonic crawlers
  9 komodo dragons
  3 kobold demonologists (D:14)
  2 freezing wraiths (D:14)
  2 yaktaurs (D:12)
  A tengu conjurer (D:14)
  5 jumping spiders
  6 trolls
  A polar bear (Lair:2)
  4 hornets
  A slime creature (D:10)
  12 blink frogs
  5 hippogriffs
  4 dream sheep (Lair:4)
  3 bog bodies (Swamp:1)
  A spriggan (shapeshifter) (Elf:1)
  A centaur simulacrum (D:14)
  A spriggan (Lair:2)
  A water elemental (Elf:1)
  25 redbacks
  9 tarantellas
  A wraith (D:10)
  22 yaks
  A vampire (D:14)
  3 wyverns
  3 air elementals
  A basilisk (Lair:1)
  3 fire bats (Lair:4)
  2 fire elementals (Elf:1)
  5 humans
  A steam dragon (D:12)
  2 hogs (D:15)
  5 hungry ghosts
  Edmund (D:4)
  6 vampire mosquitoes (Swamp:1)
  A soldier ant (D:11)
  2 swamp worms (Swamp:1)
  4 wargs
  4 insubstantial wisps (Swamp:1)
  9 water moccasins
  9 porcupines
  A swamp drake (Swamp:1)
  39 orc warriors
  A sky beast (D:12)
  3 ice beasts
  A black bear (D:9)
  3 necrophages
  2 eyes of draining (D:4)
  20 ogres
  6 centaurs
  9 wolves
  16 crocodiles
  4 big kobolds
  An elf zombie (D:10)
  6 earth elementals
  21 bullfrogs
  A scorpion (D:11)
  2 water moccasin skeletons
  A wight (D:10)
  4 killer bees (D:9)
  4 crimson imps
  9 howler monkeys
  5 human zombies (D:10)
  A quasit (D:8)
  3 hounds
  18 orc wizards
  28 orc priests
  5 centaur skeletons
  3 iguanas
  5 jellies
  5 bullfrog skeletons
  Jessica (D:2)
  9 worker ants
  A killer bee zombie (D:7)
  2 ogre zombies (D:10)
  A worker ant zombie (D:7)
  Robin (D:2)
  3 gnolls (D:4)
  5 adders
  5 shadow imps
  An adder skeleton (D:8)
  A worm (D:2)
  3 dart slugs
  5 leopard geckos
  95 orcs
  6 giant cockroaches
  12 goblins
  7 hobgoblins
  3 jackals (D:8)
  2 quokkas
  A ball python (D:3)
  7 bats
  6 frilled lizards
  14 kobolds
  2 orc zombies (D:10)
  A quokka zombie (D:7)
  5 rats
  A fungus (Lair:6)
853 creatures vanquished.

Vanquished Creatures (collateral kills)
  Kirke (D:15)
  A deep elf sorcerer (Elf:3)
  2 deep elf elementalists (Elf:3)
  2 deep elf annihilators (Elf:3)
  A deep elf high priest (Elf:3)
  A hydra (Lair:2)
  A deep elf archer (Elf:3)
  3 orb spiders (Spider:1)
  An orc sorcerer (Orc:2)
  3 wolf spiders (Spider:1)
  4 spiny frogs
  A komodo dragon (Lair:3)
  2 demonic crawlers (Spider:1)
  3 jumping spiders
  2 trolls (D:15)
  2 blink frogs
  A bog body (Swamp:1)
  11 redbacks
  A shadow (D:14)
  5 tarantellas
  A yak (Lair:5)
  A vampire mosquito (Swamp:1)
  A water moccasin (Lair:3)
  A porcupine (Lair:3)
  An orc warrior (Orc:2)
  An ice beast (D:15)
  2 crocodiles
  2 earth elementals
  An orc priest (Orc:2)
  10 orcs (Orc:2)
  4 fungi (Lair:6)
  3 plants (Lair:5)
76 creatures vanquished.

Vanquished Creatures (others)
  A two-headed ogre (D:15)
  A deep elf archer (Elf:3)
  A yaktaur (D:12)
  3 humans (D:15)
  A fungus (Lair:4)
  13 plants (D:11)
20 creatures vanquished.

Grand Total: 949 creatures vanquished

Notes
Turn   | Place    | Note
-------+----------+-------------------------------------------
     0 | D:1      | DogShitOnMyToe the Vampire Ice Elementalist began the quest for the Orb.
     0 | D:1      | Reached XP level 1. HP: 13/13 MP: 3/3
   236 | D:1      | Reached XP level 2. HP: 20/20 MP: 3/5
   279 | D:1      | Found a shattered altar of Ashenzari.
   357 | D:1      | Reached skill level 1 in Fighting
   743 | D:1      | Reached skill level 3 in Dodging
   949 | D:2      | Noticed Terence
  1339 | D:2      | Noticed Robin
  1378 | D:2      | HP: 10/21 [goblin/dagger[Robin] (5)]
  1379 | D:2      | Reached XP level 3. HP: 13/26 MP: 0/6
  1385 | D:2      | HP: 11/26 [Robin/club (2)]
  1396 | D:2      | HP: 10/26 [Robin/goblin (2)]
  1403 | D:2      | Killed Robin
  1403 | D:2      | Reached skill level 1 in Short Blades
  1917 | D:2      | Noticed Jessica
  1923 | D:2      | Killed Jessica
  1923 | D:2      | Reached skill level 4 in Stealth
  1923 | D:2      | Reached XP level 4. HP: 33/33 MP: 7/7
  2337 | D:3      | Found a hide-covered altar of Uskayaw.
  2340 | D:3      | Found an ancient bone altar of Kikubaaqudgha.
  2636 | D:3      | Identified a book of Cantrips
  2691 | D:3      | Found an opulent altar of Gozag.
  2770 | D:3      | Reached skill level 2 in Short Blades
  3526 | D:3      | Found a sparkling altar of Nemelex Xobeh.
  3749 | D:4      | Found a sparkling altar of Nemelex Xobeh.
  3796 | D:4      | Noticed an ogre
  3815 | D:4      | Killed an ogre
  3815 | D:4      | Reached skill level 2 in Fighting
  3815 | D:4      | Reached skill level 5 in Stealth
  3815 | D:4      | Reached XP level 5. HP: 38/38 MP: 8/8
  3880 | D:4      | Found a staircase to the Ecumenical Temple.
  3889 | Temple   | Entered the Ecumenical Temple
  4152 | D:4      | Noticed Edmund
  4159 | D:4      | HP: 17/38 [Edmund/flail of protection (4)]
  4161 | D:4      | Killed Edmund
  4161 | D:4      | Reached skill level 3 in Short Blades
  4161 | D:4      | Reached XP level 6. HP: 20/45 MP: 6/9
  4538 | D:4      | Found a bloodstained altar of Trog.
  4585 | D:4      | Reached skill level 4 in Dodging
  4585 | D:4      | Reached skill level 6 in Stealth
  4596 | D:4      | Reached skill level 4 in Short Blades
  4999 | D:4      | Reached XP level 7. HP: 40/51 MP: 0/10
  5062 | D:4      | HP: 21/51 [orc wizard/magic dart (6)]
  5063 | D:4      | HP: 4/51 [orc wizard/magic dart (8)]
  5065 | D:4      | Reached skill level 7 in Stealth
  5423 | D:5      | Entered Level 5 of the Dungeon
  6015 | D:5      | Reached skill level 3 in Fighting
  6125 | D:5      | Found a shadowy altar of Dithmenos.
  6150 | D:5      | Noticed porpoise's ghost (novice DsGl)
  6632 | D:5      | Reached skill level 5 in Short Blades
  6632 | D:5      | Reached skill level 8 in Stealth
  6761 | D:5      | Reached skill level 5 in Dodging
  6761 | D:5      | Reached XP level 8. HP: 58/58 MP: 0/11
  6832 | D:5      | HP: 28/58 [orc warrior/hand axe (10)]
  6840 | D:5      | HP: 20/58 [orc warrior/hand axe (8)]
  7325 | D:6      | HP: 29/58 [iguana (12)]
  7326 | D:6      | HP: 12/58 [iguana (9)]
  7391 | D:6      | HP: 22/58 [orc/whip (1)]
  7435 | D:6      | Reached skill level 9 in Stealth
  7764 | D:4      | Learned a level 1 spell: Confusing Touch
  7766 | D:4      | Learned a level 1 spell: Animate Skeleton
  7768 | D:4      | Learned a level 1 spell: Apportation
  7834 | D:5      | Reached skill level 2 in Hexes
  7950 | D:6      | Reached skill level 6 in Short Blades
  8456 | D:6      | HP: 25/60 [orc priest/morningstar (16)]
  8775 | D:6      | HP: 26/60 [bullfrog (5)]
  8779 | D:6      | Reached skill level 6 in Dodging
  8782 | D:6      | HP: 22/60 [bullfrog (2)]
  8796 | D:6      | HP: 16/60 [bullfrog (3)]
  9132 | D:5      | porpoise's ghost turns its malevolent gaze towards you.
  9153 | D:5      | Killed porpoise's ghost
  9153 | D:5      | Reached skill level 8 in Dodging
  9153 | D:5      | Reached XP level 9. HP: 53/65 MP: 1/12
  9206 | D:5      | Found a deep blue altar of Sif Muna.
  9588 | D:6      | HP: 28/65 [hippogriff (7)]
  9589 | D:6      | Reached skill level 9 in Dodging
  9933 | D:6      | HP: 32/65 [acid (5)]
 10174 | D:7      | Reached skill level 10 in Dodging
 10252 | D:7      | Found a basalt altar of Yredelemnul.
 10439 | D:5      | Became a worshipper of Dithmenos the Shadowed
 11132 | D:8      | HP: 31/65 [worker ant (3)]
 11146 | D:7      | HP: 23/65 [worker ant (3)]
 11517 | D:8      | Reached skill level 11 in Dodging
 11908 | D:8      | Found a shattered altar of Ashenzari.
 12272 | D:8      | HP: 30/65 [shot self (7)]
 12289 | D:8      | Reached * piety under Dithmenos
 12289 | D:8      | Reached XP level 10. HP: 43/71 MP: 4/13
 12489 | D:8      | HP: 30/71 [human/club (8)]
 12497 | D:8      | HP: 16/71 [human/club (9)]
 12500 | D:8      | HP: 7/71 [human/club (5)]
 12501 | D:8      | HP: 3/71 [human/club (4)]
 12538 | D:8      | Reached skill level 12 in Dodging
 13919 | D:9      | Noticed an unseen horror
 14193 | D:9      | Found a hazy altar of Hepliaklqana.
 14232 | D:9      | Found a blossoming altar of Fedhas.
 14617 | D:10     | Entered Level 10 of the Dungeon
 14620 | D:10     | Noticed a two-headed ogre
 14684 | D:10     | Got a ripped robe
 14695 | D:10     | Identified the +1 robe of the Armoured One {rF+ Str+5} (You found it on level 10 of the Dungeon)
 14706 | D:10     | Noticed a manticore
 14711 | D:10     | Killed a manticore
 14711 | D:10     | Reached skill level 2 in Shields
 14720 | D:10     | Reached skill level 3 in Shields
 14987 | D:10     | Reached skill level 4 in Shields
 15090 | D:10     | Found a basalt altar of Yredelemnul.
 15092 | D:10     | Reached ** piety under Dithmenos
 15240 | D:10     | Reached skill level 7 in Short Blades
 15240 | D:10     | Reached skill level 10 in Stealth
 15384 | D:10     | Reached skill level 8 in Short Blades
 15431 | D:10     | Identified a book of Unlife
 15477 | D:10     | Learned a level 4 spell: Animate Dead
 15477 | D:10     | Found a staircase to the Orcish Mines.
 16072 | D:10     | Reached XP level 11. HP: 44/76 MP: 14/14
 16382 | D:11     | Noticed a two-headed ogre
 16383 | D:11     | Reached skill level 9 in Short Blades
 16397 | D:10     | Killed a two-headed ogre
 16572 | D:11     | Noticed a green ugly thing
 16579 | D:11     | Killed a green ugly thing
 16579 | D:11     | Reached skill level 10 in Short Blades
 16692 | D:11     | Found a labyrinth entrance.
 16701 | Lab      | Entered a labyrinth
 17289 | Lab      | Reached skill level 1 in Necromancy
 17339 | Lab      | Reached skill level 11 in Stealth
 17368 | Lab      | Reached skill level 2 in Necromancy
 17426 | Lab      | Noticed a minotaur
 17443 | Lab      | HP: 32/76 [minotaur/mace (11)]
 17445 | Lab      | HP: 11/76 [minotaur/mace (21)]
 17482 | Lab      | Killed a minotaur
 17482 | Lab      | Reached skill level 3 in Necromancy
 17545 | Lab      | Identified a Grand Grimoire
 17596 | Lab      | Got a warped scale mail
 18147 | D:11     | Noticed Erica
 18149 | D:11     | Killed Erica
 18149 | D:11     | Reached skill level 4 in Necromancy
 18442 | D:11     | Reached *** piety under Dithmenos
 18442 | D:11     | Reached skill level 5 in Necromancy
 18527 | D:11     | Found Rarai's Food Shoppe.
 18601 | D:11     | Found a staircase to the Lair.
 18605 | D:11     | Got a scintillating iron ring
 18622 | Lair:1   | Entered Level 1 of the Lair of Beasts
 18637 | Lair:1   | Identified a book of Geomancy
 18646 | Lair:1   | Noticed a six-headed hydra
 18666 | Lair:1   | Killed a six-headed hydra
 18666 | Lair:1   | Reached skill level 12 in Stealth
 18837 | Lair:1   | Reached skill level 6 in Necromancy
 19009 | Lair:1   | Noticed Joseph
 19017 | Lair:1   | Killed Joseph
 19061 | Lair:1   | Reached skill level 7 in Necromancy
 19233 | Lair:1   | Noticed Gastronok
 19242 | Lair:1   | Killed Gastronok
 19242 | Lair:1   | Reached skill level 13 in Stealth
 19242 | Lair:1   | Reached skill level 8 in Necromancy
 19242 | Lair:1   | Reached XP level 12. HP: 57/83 MP: 15/15
 19477 | Lair:1   | Noticed a six-headed hydra
 19482 | Lair:1   | Killed a six-headed hydra
 19567 | Lair:2   | Identified a paperback manual
 19619 | Lair:2   | Reached skill level 9 in Necromancy
 19638 | Lair:2   | Reached skill level 4 in Fighting
 19934 | Lair:2   | Noticed a six-headed hydra
 19955 | Lair:2   | HP: 34/83 [six-headed hydra (12)]
 19957 | Lair:2   | Killed a six-headed hydra
 19957 | Lair:2   | Reached **** piety under Dithmenos
 20375 | Lair:2   | Found a staircase to the Swamp.
 20671 | Lair:2   | Noticed a five-headed hydra
 20686 | Lair:2   | Killed a five-headed hydra
 20799 | Lair:2   | Reached skill level 10 in Necromancy
 20922 | Lair:2   | Identified the ring of Beogh's Esteem {Ice +Blink Dex-4 SInv} (You found it on level 11 of the Dungeon)
 21166 | Lair:3   | Reached skill level 5 in Fighting
 21300 | Lair:3   | Noticed a four-headed hydra
 21307 | Lair:3   | Killed a four-headed hydra
 21307 | Lair:3   | Reached skill level 11 in Necromancy
 21515 | Lair:3   | HP: 30/86 [komodo dragon (19)]
 22002 | Lair:3   | Got a translucent hunting sling
 22369 | Lair:4   | Reached skill level 12 in Necromancy
 22553 | Lair:4   | Found a hole to the Spider Nest.
 22781 | Lair:4   | Reached XP level 13. HP: 88/91 MP: 16/16
 22793 | Lair:4   | Identified the Volume of Stolen Souls and Shape Shifting
 23081 | Lair:4   | Learned a level 2 spell: Sublimation of Blood
 23666 | Lair:5   | Reached skill level 13 in Necromancy
 23695 | Lair:5   | Found a staircase to the Slime Pits.
 23756 | Lair:5   | Identified the +6 hunting sling of Eternal Vigilance {venom, +Inv rN+ Dex+6} (You found it on level 3 of the Lair of Beasts)
 23842 | Lair:5   | Identified the +4 scale mail "Lycza" {*Slow rElec rCorr Dex+2} (You found it in a labyrinth)
 23864 | Lair:5   | Reached ***** piety under Dithmenos
 24123 | Lair:5   | Learned a level 6 spell: Death Channel
 24193 | Lair:5   | Reached skill level 14 in Necromancy
 24338 | Lair:6   | Entered Level 6 of the Lair of Beasts
 24488 | Lair:6   | Reached skill level 15 in Necromancy
 24732 | Lair:6   | HP: 38/91 [blink frog (12)]
 24740 | Lair:6   | HP: 37/91 [blink frog (10)]
 24751 | Lair:6   | HP: 27/91 [blink frog (13)]
 25430 | Lair:6   | Reached skill level 16 in Necromancy
 25442 | Lair:6   | HP: 45/91 [catoblepas (7)]
 25447 | Lair:6   | HP: 26/91 [rime drake (1)]
 25749 | Lair:6   | Found a burning altar of Makhleb.
 26110 | D:12     | Noticed newst's ghost (journeyman HOFi)
 26118 | D:12     | newst's ghost turns its malevolent gaze towards you.
 26500 | D:12     | Identified a scroll of acquirement
 26501 | D:12     | Found the +0 pair of fencer's gloves {+Riposte Dex+3}
 26616 | D:12     | Reached XP level 14. HP: 98/98 MP: 16/18
 26695 | D:12     | Identified the Compendium of Creation and Clay
 27137 | D:10     | Reached skill level 3 in Spellcasting
 27189 | Orc:1    | Entered Level 1 of the Orcish Mines
 27223 | Orc:1    | Reached skill level 4 in Spellcasting
 27355 | Orc:1    | Reached ****** piety under Dithmenos
 27467 | Orc:1    | Learned a level 5 spell: Borgnjor's Vile Clutch
 27497 | Orc:2    | Entered Level 2 of the Orcish Mines
 27519 | Orc:2    | Reached skill level 1 in Earth Magic
 27575 | Orc:2    | Reached skill level 2 in Earth Magic
 27764 | Orc:2    | Found Yput's Distillery.
 27773 | Orc:2    | Reached skill level 3 in Earth Magic
 27787 | Orc:2    | Found a roughly hewn altar of Beogh.
 27831 | Orc:2    | Reached skill level 4 in Earth Magic
 27902 | Orc:2    | Found Ilicw's Weapon Shop.
 28208 | Orc:2    | Reached skill level 5 in Earth Magic
 28219 | Orc:2    | Noticed an orc warlord
 28220 | Orc:2    | Found a roughly hewn altar of Beogh.
 28246 | Orc:2    | HP: 44/98 [orc priest/divine providence (15)]
 28251 | Orc:2    | HP: 31/98 [orc high priest/divine providence (10)]
 28902 | Orc:2    | Found a staircase to the Elven Halls.
 28971 | Orc:2    | Reached skill level 6 in Earth Magic
 29085 | Orc:2    | HP: 46/98 [orc warlord/long sword of holy wrath (25)]
 29092 | Orc:2    | HP: 24/98 [orc priest/divine providence (11)]
 29553 | Orc:2    | Got a pair of brightly glowing boots
 29570 | Orc:2    | Reached skill level 13 in Dodging
 29643 | Orc:2    | Killed an orc warlord
 29834 | Orc:2    | Found Unomiu's Armour Emporium.
 29940 | Orc:2    | Found Qayggogra's General Store.
 29948 | Orc:2    | HP: 48/98 [orc wizard/magic dart (2)]
 29954 | Orc:2    | HP: 38/98 [sixfirhy[an orc high priest] (10)]
 29969 | Orc:2    | Bought a scroll of identify for 28 gold pieces
 29979 | Orc:2    | Identified the cursed +0 pair of boots "Veggut" {rF- rN+++ MR++ Stlth+} (You found it on level 2 of the Orcish Mines)
 30484 | D:12     | HP: 38/98 [yaktaur/bolt (18)]
 30491 | D:12     | HP: 33/98 [yaktaur/bolt (16)]
 31318 | D:13     | Found Korud's Armour Shoppe.
 31332 | D:13     | Bought a +1 helmet of see invisible for 231 gold pieces
 31423 | D:13     | HP: 48/98 [skeletal warrior/long sword (24)]
 31881 | D:12     | HP: 39/98 [newst's ghost (16)]
 33064 | D:14     | Reached skill level 17 in Necromancy
 33072 | D:14     | Found a gate to the Vaults.
 33917 | D:15     | Entered Level 15 of the Dungeon
 33930 | D:15     | Noticed Kirke
 33948 | D:15     | Reached XP level 15. HP: 99/104 MP: 2/21
 33954 | D:15     | Killed Kirke
 33954 | D:15     | Reached skill level 18 in Necromancy
 34399 | D:15     | Found a staircase to the Depths.
 34830 | Swamp:1  | Entered Level 1 of the Swamp
 34975 | Swamp:1  | Paralysed by a hornet for 1 turns
 35108 | Swamp:1  | HP: 47/105 [insubstantial wisp/static electricity (8)]
 35116 | Swamp:1  | HP: 45/105 [insubstantial wisp/static electricity (2)]
 35468 | Swamp:1  | HP: 51/105 [insubstantial wisp/static electricity (9)]
 35476 | Swamp:1  | HP: 34/105 [insubstantial wisp/static electricity (7)]
 35479 | Swamp:1  | HP: 16/105 [insubstantial wisp/static electricity (8)]
 35490 | Swamp:1  | HP: 48/105 [bog body (2)]
 35841 | Spider:1 | Entered Level 1 of the Spider Nest
 35872 | Spider:1 | Reached skill level 14 in Stealth
 36315 | Spider:1 | Reached skill level 15 in Stealth
 36330 | Spider:1 | Noticed Rupert
 36332 | Spider:1 | Killed Rupert
 36402 | Spider:1 | HP: 47/105 [redback[a torpor snail] (13)]
 36405 | Spider:1 | Reached skill level 16 in Stealth
 36609 | Spider:1 | Identified a book of Air
 36762 | Spider:1 | HP: 35/105 [wolf spider (9)]
 37355 | Spider:2 | Reached skill level 17 in Stealth
 37391 | Spider:2 | HP: 42/105 [wolf spider (11)]
 37607 | Spider:2 | HP: 33/105 [redback (7)]
 37643 | Spider:2 | Reached skill level 18 in Stealth
 38094 | Elf:1    | Entered Level 1 of the Elven Halls
 38105 | Elf:1    | Reached XP level 16. HP: 53/111 MP: 16/22
 38129 | Elf:1    | HP: 39/111 [deep elf mage/bolt of lightning (14)]
 38477 | Elf:1    | Found Eliasch's Antique Armour Emporium.
 38519 | Elf:1    | Found Axkyl's Gadget Shoppe.
 38523 | Elf:1    | Bought a dazzling leather armour for 252 gold pieces
 38530 | Elf:1    | Identified the +0 leather armour "Xioh Egu" {Dex+2} (You bought it in a shop on level 1 of the Elven Halls)
 38532 | Elf:1    | Bought an ichor-stained ring mail for 324 gold pieces
 38532 | Elf:1    | Identified the +2 ring mail of Pathos {rElec Dex+2} (You bought it in a shop on level 1 of the Elven Halls)
 38612 | Elf:1    | HP: 50/111 [mace of protection (9)]
 38618 | Elf:1    | HP: 21/111 [mace of protection (14)]
 38628 | Elf:1    | HP: 11/111 [mace of protection (11)]
 39456 | Elf:1    | Found Iguwisk's Assorted Antiques.
 39469 | Elf:1    | Reached skill level 19 in Stealth
 39558 | Elf:1    | Identified a book of Summonings
 39570 | Elf:1    | Learned a level 5 spell: Summon Mana Viper
 39610 | Elf:1    | Reached skill level 3 in Hexes
 39772 | Elf:1    | Reached skill level 4 in Hexes
 39772 | Elf:1    | Reached skill level 1 in Summonings
 39817 | Elf:1    | Reached skill level 5 in Hexes
 39852 | Elf:1    | Reached skill level 2 in Summonings
 39880 | Elf:1    | Reached skill level 6 in Hexes
 40224 | Elf:2    | Reached skill level 7 in Hexes
 40234 | Elf:2    | Found a runed gate.
 40234 | Elf:2    | Found a runed gate.
 40235 | Elf:2    | Reached skill level 3 in Summonings
 40240 | Elf:2    | Found a runed gate.
 40286 | Elf:2    | Reached skill level 8 in Hexes
 40347 | Elf:2    | Reached skill level 9 in Hexes
 40465 | Elf:2    | Reached skill level 4 in Summonings
 40666 | Elf:2    | Reached skill level 10 in Hexes
 40670 | Elf:2    | Identified a book of Burglary
 40891 | Elf:2    | Reached skill level 11 in Hexes
 40946 | Elf:2    | Noticed Jorgrun
 40948 | Elf:2    | Killed Jorgrun
 40952 | Elf:2    | Reached skill level 12 in Hexes
 40966 | Elf:2    | HP: 54/111 [lajatang of venom (20)]
 40998 | Elf:2    | HP: 30/111 [long sword of holy wrath (7)]
 41010 | Elf:2    | HP: 25/111 [long sword of holy wrath (18)]
 41011 | Elf:2    | Noticed a deep elf blademaster
 41331 | Elf:2    | Reached skill level 13 in Hexes
 41644 | Elf:3    | Entered Level 3 of the Elven Halls
 41691 | Elf:3    | Found a flickering gateway to a bazaar.
 41701 | Bazaar   | Entered a bazaar
 41709 | Bazaar   | Found Gunossiy's Antique Weapon Shop.
 41717 | Bazaar   | Found Zaopla's Weapon Shop.
 41752 | Bazaar   | Found Wacked's Jewellery Shoppe.
 41752 | Bazaar   | Found Mienwatt's Distillery.
 41761 | Bazaar   | Bought a potion of cancellation for 80 gold pieces
 41761 | Bazaar   | Bought a potion of heal wounds for 50 gold pieces
 41761 | Bazaar   | Bought a potion of haste for 100 gold pieces
 41761 | Bazaar   | Bought a potion of haste for 100 gold pieces
 41761 | Bazaar   | Bought a potion of might for 40 gold pieces
 41761 | Bazaar   | Bought a potion of resistance for 100 gold pieces
 41761 | Bazaar   | Bought a potion of curing for 30 gold pieces
 41761 | Bazaar   | Bought a potion of brilliance for 40 gold pieces
 41761 | Bazaar   | Bought a potion of heal wounds for 50 gold pieces
 41768 | Bazaar   | Bought the ring "Naleis" {rC+ Int+7 Dex+3 Stlth-} for 817 gold pieces
 41821 | Elf:3    | Reached skill level 14 in Hexes
 41891 | Elf:3    | HP: 47/111 [deep elf archer/arrow (10)]
 41898 | Elf:3    | Reached XP level 17. HP: 34/117 MP: 8/23
 42743 | Elf:3    | Reached skill level 15 in Hexes
 42886 | Elf:3    | Reached skill level 5 in Summonings
 43116 | Elf:3    | Reached skill level 6 in Summonings
 43510 | Elf:3    | Noticed a deep elf blademaster
 43562 | Elf:3    | Killed a deep elf blademaster
 43562 | Elf:3    | Reached skill level 7 in Summonings
 43810 | Elf:3    | HP: 42/117 [earth elemental[a deep elf elementalist] (34)]
 44426 | Elf:3    | HP: 46/117 [deep elf sorcerer/damnation (33)]
 45256 | Elf:3    | Reached skill level 5 in Spellcasting
 45697 | Elf:3    | Learned a level 6 spell: Darkness
 45766 | Elf:3    | Reached skill level 8 in Summonings
 45768 | Elf:3    | HP: 28/117 [deep elf annihilator/crystal spear (89)]
 45776 | Elf:3    | HP: 18/117 [deep elf annihilator/poison arrow (10)]
 46430 | Elf:3    | Reached skill level 9 in Summonings
 46574 | Elf:3    | Noticed a Brimstone Fiend
 46918 | Elf:3    | HP: 48/117 [deep elf high priest/divine providence (14)]
 47097 | Elf:3    | HP: 58/117 [ghostly deep elf death mage/long sword (4)]
 47123 | Elf:3    | HP: 50/117 [earth elemental (12)]
 47833 | Elf:3    | Identified a book of Spatial Translocations
 47837 | Elf:3    | Identified the Papyrus of Displacement
 47852 | Elf:3    | Identified a book of Maledictions
 47854 | Elf:3    | Identified a book of Enchantments
 48326 | Spider:3 | HP: 43/117 [spark wasp (29)]
 48329 | Spider:3 | HP: 10/117 [spark wasp (17)]
 48329 | Spider:3 | Slain by a spark wasp

Skill      XL: |  1  2  3  4  5  6  7  8  9 10 11 12 13 14 15 16 17 |
---------------+----------------------------------------------------+-----
Fighting       | 1 2 3 5 |  5.8
Dodging        | 3 4 5 8 11 12 13 | 13.3
Short Blades   | 1 2 3 4 5 6 8 10 | 10.0
Stealth        | 4 5 6 8 9 10 13 18 19 | 19.0
Hexes          | 2 14 15 | 15.2
Shields        | 4 |  4.1
Necromancy     | 8 12 16 17 18 | 18.9
Spellcasting   | 4 5 |  5.1
Earth Magic    | 6 |  6.2
Summonings     | 4 9 |  9.9
Conjurations   | |  0.6
Ice Magic      | |  3.0

Action                   |  1- 3 |  4- 6 |  7- 9 | 10-12 | 13-15 | 16-18 || total
-------------------------+-------+-------+-------+-------+-------+-------++-------
Melee: Unarmed           |     4 |       |    62 |    30 |       |       ||    96
       Bite              |     1 |     8 |    65 |   117 |   173 |    50 ||   414
       Dagger            |    43 |    38 |   474 |   883 |  1255 |   372 ||  3065
       Rapier            |       |    45 |     8 |       |       |       ||    53
       War axe           |       |     4 |    22 |       |       |       ||    26
 Fire: Hunting sling     |       |     3 |    32 |    58 |       |       ||    93
       Blowgun           |       |       |       |    27 |       |       ||    27
Throw: Tomahawk          |     3 |     4 |    20 |     2 |       |       ||    29
       Throwing net      |       |       |       |     3 |       |       ||     3
 Cast: Freeze            |    35 |    25 |    52 |     6 |       |       ||   118
       Confusing Touch   |       |       |    29 |    13 |       |       ||    42
       Animate Dead      |       |       |       |    17 |    25 |     1 ||    43
       Death Channel     |       |       |       |       |    30 |     3 ||    33
       Borgnjor's Vile C |       |       |       |       |    33 |    82 ||   115
       Summon Mana Viper |       |       |       |       |       |    27 ||    27
       Darkness          |       |       |       |       |       |     3 ||     3
Invok: Shadow Step       |       |       |       |       |     3 |     7 ||    10
 Abil: End Transformatio |       |       |     1 |       |     2 |       ||     3
       Bat Form          |       |       |     1 |       |     2 |       ||     3
Evoke: Wand              |     4 |     4 |     2 |    14 |    11 |     1 ||    36
  Use: Potion            |     2 |     5 |    15 |    14 |    30 |    26 ||    92
       Scroll            |       |    10 |       |    19 |    15 |    22 ||    66
 Stab: Sleeping          |     3 |     7 |    18 |    54 |   142 |    55 ||   279
       Confused          |       |       |    21 |    13 |       |       ||    34
       Distracted        |       |       |       |     6 |    20 |     7 ||    33
       Held in net/web   |       |       |       |     2 |       |       ||     2
Armor: Robe              |    11 |    10 |    83 |    61 |    54 |    20 ||   239
Dodge: Dodged            |    47 |    44 |   446 |   515 |   579 |   160 ||  1791
Block: Buckler           |       |       |       |   176 |   282 |    72 ||   530
       Reflection        |       |       |       |       |     4 |     8 ||    12
       Rpst.: Dagger     |       |       |       |       |   112 |    42 ||   154
